[Event "Titled Tuesday Blitz February 28 Late 2023"]
[White "Grischuk, Alexander"]
[Black "Hansen, Eric"]
[WhiteFideId "4126025"]
[BlackFideId "2606771"]
[WhiteElo "2727"]
[BlackElo "2569"]
[Result "0-1"]
[Round "10"]
[TimeControl "180+2"]
[Date "2023.02.28"]
[WhiteClock "0:00:11"]
[BlackClock "0:00:20"]

1. Nf3 d5 2. g3 Nf6 3. Bg2 c6 4. O-O Bf5 5. c4 e6 6. Qb3 Qb6 7. d3 Nbd7 8. cxd5 exd5 9. Qa4 Be7 10. Nc3 O-O 11. h3 h6 12. Qc2 Rfe8 13. e4 dxe4 14. dxe4 Bh7 15. Be3 Qb4 16. Nd2 Nd5 17. Nxd5 cxd5 18. a3 Qb5 19. a4 Qb4 20. Qc3 dxe4 21. Rfc1 Nb6 22. Qxb4 Bxb4 23. Nb3 Nd5 24. Bc5 b6 25. Bxb4 Nxb4 26. Rc7 Nd5 27. Rd7 Red8 28. Rxd8+ Rxd8 29. Rd1 Kf8 30. Nd4 Nc7 31. Rc1 Rxd4 32. Rxc7 Rxa4 33. Bf1 Bg6 34. Bc4 Ra1+ 35. Kg2 Rc1 0-1


[Site "https://www.chess.com"]

[Event "Titled Tuesday Blitz February 28 Late 2023"]
[White "Deac, Bogdan-Daniel"]
[Black "Durarbayli, Vasif"]
[WhiteFideId "1226380"]
[BlackFideId "13402935"]
[WhiteElo "2649"]
[BlackElo "2543"]
[Result "0-1"]
[Round "10"]
[TimeControl "180+2"]
[Date "2023.02.28"]
[WhiteClock "0:00:03"]
[BlackClock "0:00:02"]

1. e4 e5 2. Nf3 Nc6 3. Bb5 a6 4. Bxc6 dxc6 5. Nc3 Bg4 6. h3 Bxf3 7. Qxf3 Ne7 8. d3 c5 9. Qg3 f6 10. f4 Ng6 11. f5 Ne7 12. Qf3 Qd6 13. Qh5+ Kd7 14. Be3 Rd8 15. a4 b6 16. Qf7 Kc8 17. Qc4 Kb7 18. a5 Ra8 19. axb6 cxb6 20. O-O Nc6 21. Nd5 Be7 22. c3 Rhc8 23. Ra2 b5 24. Qb3 Bd8 25. c4 b4 26. Qd1 Ne7 27. Qg4 Nxd5 28. exd5 Rc7 29. b3 Rf7 30. Qe4 Bb6 31. g4 a5 32. Rfa1 Rff8 33. Kh2 Rf7 34. Ra4 Rff8 35. Kg2 Rf7 36. Kf2 Rff8 37. Ke2 Rf7 38. h4 Rff8 39. Rf1 Rf7 40. g5 Raf8 41. g6 hxg6 42. fxg6 f5 43. Qg2 Rf6 44. Bg5 e4 45. Bxf6 Qxf6 46. dxe4 Qb2+ 47. Kf3 Qxb3+ 48. Kf2 fxe4+ 49. Kg1 Rxf1+ 50. Qxf1 Qxa4 51. Qf7+ Ka6 52. Qxg7 Qd1+ 53. Kg2 Qf3+ 54. Kg1 e3 55. Qf7 Qg3+ 56. Kf1 Qxh4 57. g7 Qxc4+ 58. Kg1 Qg4+ 59. Kf1 Qd1+ 60. Kg2 Qg4+ 61. Kf1 e2+ 62. Ke1 Qg1+ 63. Kxe2 Qg2+ 64. Ke1 Qg1+ 65. Qf1+ Qxf1+ 66. Kxf1 b3 67. g8=Q Kb5 68. d6 a4 69. Ke2 c4 70. Qd5+ Kb4 71. Kd2 a3 72. Kc1 a2 73. Qe5 Ka3 74. Qb2+ Kb4 75. Qe5 Ka3 76. Qb2+ Kb4 77. Qf6 c3 78. Qf2 Bxf2 0-1


[Site "https://www.chess.com"]

[Event "Titled Tuesday Blitz February 28 Late 2023"]
[White "Chigaev, Maksim"]
[Black "Kramnik, Vladimir"]
[WhiteFideId "4108116"]
[BlackFideId "4101588"]
[WhiteElo "2547"]
[BlackElo "2712"]
[Result "0-1"]
[Round "10"]
[TimeControl "180+2"]
[Date "2023.02.28"]
[WhiteClock "0:00:04"]
[BlackClock "0:00:21"]

1. e4 e6 2. d4 d5 3. Nc3 Nf6 4. Bg5 dxe4 5. Nxe4 Be7 6. Nxf6+ Bxf6 7. Bxf6 Qxf6 8. Nf3 O-O 9. Qd3 c5 10. O-O-O Rd8 11. Qe3 Nc6 12. Bd3 cxd4 13. Qe4 g6 14. Rhe1 Bd7 15. Kb1 Be8 16. a3 Rd5 17. h4 Rad8 18. g4 b5 19. g5 Qf5 20. Qe2 Qf4 21. Nd2 Ne5 22. Ne4 Nxd3 23. cxd3 Rf5 24. h5 Bc6 25. Nf6+ Rxf6 26. gxf6 Bf3 27. Qd2 Qxf6 28. Rc1 Bxh5 29. Rc7 Bf3 30. Rxa7 h5 31. Ra5 Kg7 32. Rxb5 h4 33. Rg5 Rh8 34. Rgg1 h3 35. Ka2 h2 36. Rh1 Bxh1 37. Rxh1 Qf3 38. Qe1 Rh5 39. Qe4 Qxf2 40. a4 Ra5 41. Ka3 Rg5 42. a5 Rxa5+ 0-1


[Site "https://www.chess.com"]

[Event "Titled Tuesday Blitz February 28 Late 2023"]
[White "Bortnyk, Olexandr"]
[Black "Madaminov, Mukhiddin"]
[WhiteFideId "14120828"]
[BlackFideId "14210703"]
[WhiteElo "2734"]
[BlackElo "2511"]
[Result "1-0"]
[Round "10"]
[TimeControl "180+2"]
[Date "2023.02.28"]
[WhiteClock "0:02:16"]
[BlackClock "0:00:39"]

1. d4 Nf6 2. Nc3 d5 3. Bf4 c5 4. e4 Nxe4 5. Nxe4 dxe4 6. dxc5 Qa5+ 7. c3 Qxc5 8. Qa4+ Nc6 9. Qxe4 g6 10. Nf3 Bg7 11. Rd1 O-O 12. Be3 Qa5 13. Bc4 Bf5 14. Qh4 Ne5 15. Nxe5 Qxe5 16. O-O Bf6 17. Qh6 Bg7 18. Qf4 Rfc8 19. Bd5 Rc7 20. Qb4 Be6 21. Bf4 Qh5 22. Bxe6 a5 23. Bxf7+ Kxf7 24. Qb3+ 1-0


[Site "https://www.chess.com"]

[Event "Titled Tuesday Blitz February 28 Late 2023"]
[White "Baskakov, Egor"]
[Black "Svane, Rasmus"]
[WhiteFideId "24197866"]
[BlackFideId "4657101"]
[WhiteElo "2212"]
[BlackElo "2597"]
[Result "0-1"]
[Round "10"]
[TimeControl "180+2"]
[Date "2023.02.28"]
[WhiteClock "0:02:10"]
[BlackClock "0:01:36"]

1. e4 c6 2. d4 d5 3. e5 Bf5 4. Ne2 e6 5. Ng3 Bg6 6. h4 h5 7. Bd3 Bxd3 8. cxd3 Qb6 9. Ne2 Ne7 10. Nd2 Nf5 11. Nf3 c5 12. dxc5 Bxc5 13. d4 Bb4+ 14. Bd2 Nc6 15. Bc3 Rc8 16. O-O Be7 17. g3 Qd8 18. Nf4 g5 19. hxg5 Bxg5 20. Nh3 Bh6 21. Kh2 Kd7 22. Rc1 Qb6 23. Rc2 Rcg8 24. Qd3 h4 25. g4 Rxg4 26. b4 Rhg8 27. b5 Ncxd4 28. Bxd4 Nxd4 29. Nxd4 Qxd4 30. Qf3 Qxe5+ 31. Kh1 Qe4 0-1


[Site "https://www.chess.com"]

[Event "Titled Tuesday Blitz February 28 Late 2023"]
[White "Sarana, Alexey"]
[Black "Ibarra Jerez, Jose Carlos"]
[WhiteFideId "24133795"]
[BlackFideId "2226332"]
[WhiteElo "2717"]
[BlackElo "2638"]
[Result "1-0"]
[Round "10"]
[TimeControl "180+2"]
[Date "2023.02.28"]
[WhiteClock "0:00:26"]
[BlackClock "0:00:02"]

1. c4 e6 2. Nf3 d5 3. d4 a6 4. cxd5 exd5 5. Nc3 Nf6 6. Bg5 Be6 7. e3 Nbd7 8. Bd3 Bd6 9. Nd2 c5 10. dxc5 Nxc5 11. Nb3 Nxd3+ 12. Qxd3 O-O 13. Nd4 Rc8 14. h3 h6 15. Bh4 Be5 16. O-O Qd6 17. Nce2 Ne4 18. f3 Nc5 19. Qa3 Nd7 20. Qd3 Nc5 21. Qd2 Qb6 22. Rac1 Rc7 23. Rc3 Rfc8 24. Rfc1 Na4 25. Rb3 Rxc1+ 26. Nxc1 Qc7 27. Nd3 Bxd4 28. exd4 Bf5 29. Rb4 Qc2 30. Qxc2 Rxc2 31. Nc5 Nxc5 32. dxc5 Rc4 33. Rxb7 Rxh4 34. g4 Be6 35. c6 h5 36. Re7 hxg4 37. Rxe6 fxe6 38. c7 gxh3 39. c8=Q+ Kf7 40. Qd7+ Kf8 41. Qd8+ 1-0


[Site "https://www.chess.com"]

[Event "Titled Tuesday Blitz February 28 Late 2023"]
[White "Sjugirov, Sanan"]
[Black "Bernadskiy, Vitaliy"]
[WhiteFideId "4189302"]
[BlackFideId "14100371"]
[WhiteElo "2569"]
[BlackElo "2488"]
[Result "1-0"]
[Round "10"]
[TimeControl "180+2"]
[Date "2023.02.28"]
[WhiteClock "0:00:13"]
[BlackClock "0:00:03"]

1. Nf3 g6 2. e4 b6 3. d4 Bb7 4. Bd3 Bg7 5. O-O d6 6. Re1 Nd7 7. Nc3 e5 8. d5 Ne7 9. a4 a5 10. Ne2 h5 11. h4 Nc5 12. Ng3 Bc8 13. Bb5+ Kf8 14. c3 Bg4 15. b4 Nd7 16. Qd3 Bf6 17. Ng5 Nb8 18. Bd2 Kg7 19. bxa5 Rxa5 20. c4 Ra8 21. a5 bxa5 22. Bxa5 Nd7 23. Qe3 Bxg5 24. Qxg5 Rxa5 25. Rxa5 c6 26. Ra7 cxb5 27. cxb5 Nf6 28. Rc1 Nc8 29. Rb7 Qa5 30. Rcc7 Rf8 31. f3 Qe1+ 32. Kh2 Qf2 33. fxg4 Nxg4+ 34. Kh3 Qg1 35. Nxh5+ Kh8 36. Qxg4 Qh1+ 37. Kg3 Nb6 38. Rxf7 1-0


[Site "https://www.chess.com"]

[Event "Titled Tuesday Blitz February 28 Late 2023"]
[White "Vasquez Schroeder, Rodrigo"]
[Black "Mendonca, Leon Luke"]
[WhiteFideId "3400042"]
[BlackFideId "35028561"]
[WhiteElo "2600"]
[BlackElo "2464"]
[Result "1-0"]
[Round "10"]
[TimeControl "180+2"]
[Date "2023.02.28"]
[WhiteClock "0:00:37"]
[BlackClock "0:00:33"]

1. d4 g6 2. Nf3 Bg7 3. c4 Nf6 4. g3 c5 5. Bg2 cxd4 6. Nxd4 O-O 7. Nc3 Nc6 8. Nc2 d6 9. O-O Be6 10. Ne3 Qa5 11. Ned5 Bxd5 12. cxd5 Ne5 13. Qb3 Nfd7 14. h3 Rfc8 15. Kh2 Nc5 16. Qd1 b5 17. a3 b4 18. Na2 bxa3 19. b4 Qb5 20. bxc5 Nc4 21. Bg5 Rxc5 22. Rb1 Nb2 23. Qd2 Qb3 24. Nc1 Qa4 25. Ra1 Rc2 26. Qf4 Qxf4 27. Bxf4 Nc4 28. Ra2 Rxa2 29. Nxa2 Rb8 30. Be4 Rb2 31. Rb1 Bd4 32. Bd3 Rxa2 33. Bxc4 Rc2 34. Bh6 f5 35. Rb8+ Kf7 36. Rf8# 1-0


[Site "https://www.chess.com"]

[Event "Titled Tuesday Blitz February 28 Late 2023"]
[White "Martinez Alcantara, Jose Eduardo"]
[Black "Jaracz, Pawel"]
[WhiteFideId "3805662"]
[BlackFideId "1102222"]
[WhiteElo "2712"]
[BlackElo "2438"]
[Result "1-0"]
[Round "10"]
[TimeControl "180+2"]
[Date "2023.02.28"]
[WhiteClock "0:02:56"]
[BlackClock "0:02:04"]

1. a4 a5 2. Ra3 Ra6 3. Rh3 Rh6 4. Ra3 Ra6 5. Rb3 Rb6 6. Rb5 Rxb5 7. axb5 b6 8. e3 Bb7 9. Nf3 e6 10. d4 Nf6 11. Bd3 Be7 12. Nbd2 d5 13. O-O O-O 14. c3 c5 15. bxc6 Bxc6 16. b3 b5 17. Qe2 Ne4 18. Bxe4 dxe4 19. Ne5 Qb6 20. Nxc6 Qxc6 21. c4 b4 22. f3 exf3 23. Nxf3 Nd7 24. e4 e5 25. Kh1 a4 26. bxa4 Qxa4 27. Bb2 exd4 28. Nxd4 Bf6 29. Nf5 Bxb2 30. Qxb2 f6 31. Ra1 1-0


[Site "https://www.chess.com"]

[Event "Titled Tuesday Blitz February 28 Late 2023"]
[White "Moroni, Luca Jr"]
[Black "Matinian, Nikita"]
[WhiteFideId "865834"]
[BlackFideId "24129100"]
[WhiteElo "2569"]
[BlackElo "2422"]
[Result "1-0"]
[Round "10"]
[TimeControl "180+2"]
[Date "2023.02.28"]
[WhiteClock "0:01:16"]
[BlackClock "0:00:16"]

1. b3 Nf6 2. Bb2 g6 3. g3 Bg7 4. Bg2 d6 5. d4 c5 6. Nf3 Qa5+ 7. Nbd2 Ne4 8. O-O Nxd2 9. Nxd2 cxd4 10. Nc4 Qc5 11. e3 Nc6 12. Bxc6+ Qxc6 13. exd4 d5 14. Ne5 Qc7 15. Re1 Bf5 16. c4 dxc4 17. bxc4 O-O 18. Qe2 Rac8 19. Rac1 Rfd8 20. d5 Qa5 21. Bc3 Qa4 22. g4 Bd7 23. h3 Be8 24. Bd4 b5 25. Nf3 bxc4 26. Bxg7 Kxg7 27. Qe5+ Kg8 28. Qxe7 Rxd5 29. Qh4 c3 30. Ng5 h5 31. Ne4 Rc6 32. Nf6+ 1-0


[Site "https://www.chess.com"]

[Event "Titled Tuesday Blitz February 28 Late 2023"]
[White "Adewumi, Tanitoluwa"]
[Black "Fier, Alexandr"]
[WhiteFideId "30966396"]
[BlackFideId "2107139"]
[WhiteElo "2682"]
[BlackElo "2610"]
[Result "1-0"]
[Round "10"]
[TimeControl "180+2"]
[Date "2023.02.28"]
[WhiteClock "0:00:08"]
[BlackClock "0:02:01"]

1. e4 Nf6 2. e5 Nd5 3. d4 d6 4. c4 Nb6 5. f4 dxe5 6. fxe5 Nc6 7. Be3 Bf5 8. Nc3 e6 9. Nf3 Bb4 10. Be2 Na5 11. c5 Nd5 12. Bd2 Bxc3 13. bxc3 b6 14. O-O O-O 15. Qa4 Qe8 16. Bb5 c6 17. Be2 Nb7 18. c4 Ne7 19. cxb6 axb6 20. Qb3 c5 21. Qxb6 Rb8 22. Qb3 cxd4 23. Nxd4 Nc5 24. Qa3 Ne4 25. Bb4 Ra8 26. Qe3 Bg6 27. a3 f5 28. exf6 Rxf6 29. Rxf6 gxf6 30. Nxe6 Nc6 31. Nc7 Qb8 32. Nxa8 Qxa8 33. Bf3 Nxb4 34. Re1 Nc2 35. Bxe4 Bxe4 36. Qxe4 Qa7+ 37. Kf1 Nxe1 38. Qxe1 Qxa3 39. Qg3+ Qxg3 40. hxg3 Kf7 41. Kf2 Ke6 42. Ke3 Ke5 43. g4 f5 44. gxf5 Kxf5 45. Kd4 Ke6 46. Kc5 h5 47. Kb6 Kd7 48. Kb7 Kd6 49. Kb6 Kd7 50. c5 Kc8 51. c6 h4 52. Kb5 Kc7 53. Kc5 Kc8 54. Kd6 Kd8 55. Ke5 Kc7 56. Kf5 Kxc6 57. Kg4 Kd6 58. Kxh4 Ke6 59. Kg5 Kf7 60. g3 Kg7 61. g4 Kh7 62. Kf6 Kg8 63. Kg6 Kh8 64. g5 Kg8 65. Kh6 Kh8 66. g6 Kg8 67. g7 1-0


[Site "https://www.chess.com"]

[Event "Titled Tuesday Blitz February 28 Late 2023"]
[White "Fiorito, Francisco"]
[Black "Holt, Conrad"]
[WhiteFideId "180165"]
[BlackFideId "2034387"]
[WhiteElo "2341"]
[BlackElo "2592"]
[Result "0-1"]
[Round "10"]
[TimeControl "180+2"]
[Date "2023.02.28"]
[WhiteClock "0:00:10"]
[BlackClock "0:00:08"]

1. d4 d5 2. Nc3 Nf6 3. Bf4 c6 4. e3 Bf5 5. f3 Qb6 6. Na4 Qa5+ 7. Nc3 e6 8. g4 Ba3 9. bxa3 Qxc3+ 10. Kf2 Qxc2+ 11. Qxc2 Bxc2 12. h4 Nbd7 13. Rc1 Ba4 14. Rb1 Nb6 15. Bd3 Kd7 16. Ne2 Bb5 17. Bxb5 cxb5 18. Rxb5 Rhc8 19. a4 Rc2 20. a5 Kc6 21. Rhb1 Na4 22. Rxb7 Rc8 23. R7b3 h5 24. g5 Ne8 25. Kf1 Nd6 26. Bxd6 Kxd6 27. Rb7 a6 28. Ra7 Rxa2 29. Rxa6+ Rc6 30. Rxc6+ Kxc6 31. Rb4 Nb2 32. Rb6+ Kc7 33. Rb5 Nc4 34. Rc5+ Kd6 35. Nc3 Nxe3+ 36. Kg1 Ra1+ 37. Kf2 Nd1+ 38. Nxd1 Rxd1 39. Rb5 Rxd4 40. Rb6+ Ke5 41. a6 Ra4 42. Kg3 f5 43. Rb7 f4+ 44. Kh3 Ra3 45. Rxg7 Rxf3+ 46. Kg2 Ra3 47. a7 Ke4 48. Re7 Ra2+ 49. Kf1 Kf5 50. Rf7+ Kg4 51. g6 Kf3 52. Ke1 Ke3 53. Kd1 d4 54. g7 d3 55. Kc1 d2+ 56. Kb1 d1=Q+ 57. Kxa2 Qc2+ 58. Ka3 Qc8 59. Rf8 Qc3+ 60. Ka2 Qc2+ 61. Ka3 Qc3+ 62. Ka2 Qa5+ 63. Kb2 Qb4+ 64. Ka2 Qc4+ 65. Ka3 Qc5+ 66. Ka2 Qxa7+ 0-1


[Site "https://www.chess.com"]

[Event "Titled Tuesday Blitz February 28 Late 2023"]
[White "Averjanov, Alexey"]
[Black "Real_OceanStorm"]
[WhiteFideId "14109867"]
[WhiteElo "2678"]
[BlackElo "2779"]
[Result "1-0"]
[Round "10"]
[TimeControl "180+2"]
[Date "2023.02.28"]
[WhiteClock "0:01:21"]
[BlackClock "0:00:12"]

1. d4 d5 2. c4 Nf6 3. cxd5 c6 4. dxc6 Nxc6 5. Nf3 e5 6. e3 Bg4 7. Be2 exd4 8. Nxd4 Bxe2 9. Qxe2 Bb4+ 10. Bd2 Nxd4 11. exd4+ Be7 12. O-O O-O 13. Be3 Re8 14. Nc3 Rc8 15. Rac1 a6 16. Qf3 b5 17. Ne4 Nxe4 18. Qxe4 Rxc1 19. Rxc1 Ba3 20. Qc2 Bf8 21. Qc6 Re6 22. Qb7 Qf6 23. Rc8 Qxd4 24. Rxf8+ Kxf8 25. Qc8+ Ke7 26. Qxe6+ Kxe6 27. Bxd4 g5 28. Bc3 h5 29. Kf1 g4 30. Ke2 Kd5 31. Kd3 h4 32. g3 h3 33. b3 f5 34. Bd2 Kd6 35. Kd4 Ke6 36. Bf4 Kf6 37. Kc5 b4 38. Kxb4 Ke6 39. Kc5 a5 40. Kb5 Kd5 41. Kxa5 Ke4 42. b4 Kf3 43. b5 Kxf2 44. b6 Kg2 45. b7 Kxh2 46. b8=Q Kg2 47. Qb2+ Kf3 48. Qc3+ Kg2 49. Qc2+ Kf3 50. Qh2 Ke4 51. a4 Kd5 52. Kb5 Ke6 53. Qe2+ Kf7 54. a5 Kf8 55. a6 h2 56. Qxh2 Kg7 57. a7 Kg6 58. a8=Q Kf7 59. Qb7+ Kg8 60. Qhh7+ Kf8 61. Qhf7# 1-0


[Site "https://www.chess.com"]

[Event "Titled Tuesday Blitz February 28 Late 2023"]
[White "Yuan, Qingyu"]
[Black "Skvortsov, Andrei"]
[WhiteFideId "8609772"]
[BlackFideId "24108600"]
[WhiteElo "2359"]
[BlackElo "2259"]
[Result "1-0"]
[Round "10"]
[TimeControl "180+2"]
[Date "2023.02.28"]
[WhiteClock "0:00:18"]
[BlackClock "0:00:02"]

1. e4 c5 2. Nf3 d6 3. Bb5+ Nd7 4. c3 Nf6 5. Qe2 a6 6. Ba4 b5 7. Bc2 Bb7 8. O-O e5 9. d4 cxd4 10. cxd4 Be7 11. a3 O-O 12. Nc3 Qb8 13. h3 Rc8 14. Rd1 Bf8 15. Be3 Bc6 16. Bb3 Nb6 17. dxe5 dxe5 18. Nxe5 Qxe5 19. Bxb6 Re8 20. Bd4 Qf4 21. Be3 Qh4 22. f3 Nh5 23. Qf2 Qe7 24. Nd5 Bxd5 25. Bxd5 Rac8 26. Rac1 Nf6 27. Bb3 Nd7 28. Kh1 Ne5 29. Bd5 Qf6 30. Bd4 Qf4 31. Qe3 Qg3 32. f4 Qxe3 33. Bxe3 Rxc1 34. Rxc1 Nd3 35. Rc7 Re7 36. Rc8 g6 37. f5 Kg7 38. f6+ Kxf6 39. Rxf8 Nxb2 40. Bd4+ Kg5 41. h4+ 1-0


[Site "https://www.chess.com"]

[Event "Titled Tuesday Blitz February 28 Late 2023"]
[White "Costachi, Mihnea"]
[Black "Haydon, David L"]
[WhiteFideId "1217518"]
[BlackFideId "415405"]
[WhiteElo "2456"]
[BlackElo "2326"]
[Result "1-0"]
[Round "10"]
[TimeControl "180+2"]
[Date "2023.02.28"]
[WhiteClock "0:00:15"]
[BlackClock "0:00:56"]

1. d4 c6 2. c4 d5 3. cxd5 cxd5 4. Bf4 Nf6 5. e3 Nc6 6. Nc3 e6 7. Bd3 Bd6 8. Bxd6 Qxd6 9. f4 Qb4 10. Qe2 Bd7 11. Nf3 Ne4 12. Rc1 Nxc3 13. bxc3 Qe7 14. e4 dxe4 15. Qxe4 h6 16. O-O g5 17. fxg5 hxg5 18. Ne5 f5 19. Qe3 Qd6 20. Bxf5 exf5 21. Nxc6+ Kf7 22. Ne5+ Kf6 23. Qxg5+ Kxg5 24. Nf7+ Kf6 25. Nxd6 b5 26. Nxf5 Bxf5 27. g4 Kg5 28. Rxf5+ Kxg4 29. Rcf1 Rag8 30. Rxb5 Rh3 31. Rc5 Rd3 32. Rf2 Rd1+ 33. Kg2 Kh4+ 34. Kf3 Rf8+ 35. Ke2 Rd2+ 36. Kxd2 Rxf2+ 37. Kd3 Rxa2 38. Rf5 Kg4 39. Rf7 a5 40. d5 a4 41. d6 Ra1 42. Kc2 Ra2+ 43. Kc1 Ra1+ 44. Kb2 Rd1 45. d7 Kg5 46. Ka3 Kg6 47. Rf4 Rxd7 48. Kxa4 Rh7 49. c4 Rxh2 50. c5 Kg5 51. Rf8 Rc2 52. Kb5 Kg6 53. c6 Kg7 54. Rf1 Rb2+ 55. Kc5 Rc2+ 56. Kd6 Rd2+ 57. Ke7 Re2+ 58. Kd7 Rd2+ 59. Kc8 Rd1 60. Rxd1 Kf6 61. Rd2 Ke5 62. c7 Ke4 63. Kb7 Ke3 64. c8=Q Kxd2 65. Qc4 Ke1 66. Kc6 Kd2 67. Kc5 Kd1 68. Qa2 Kc1 69. Kd4 Kd1 70. Kd3 Kc1 71. Qa1# 1-0


[Site "https://www.chess.com"]

[Event "Titled Tuesday Blitz February 28 Late 2023"]
[White "EREBUNI91"]
[Black "Sebag, Marie"]
[BlackFideId "617822"]
[WhiteElo "2725"]
[BlackElo "2440"]
[Result "1-0"]
[Round "10"]
[TimeControl "180+2"]
[Date "2023.02.28"]
[WhiteClock "0:00:05"]
[BlackClock "0:00:07"]

1. e4 c6 2. d4 d5 3. e5 Bf5 4. h4 h5 5. Bd3 Bxd3 6. Qxd3 Qa5+ 7. Nd2 Qa6 8. c4 e6 9. Ngf3 Ne7 10. O-O Nf5 11. a4 Nd7 12. b3 Be7 13. Ba3 Bxa3 14. Rxa3 Qa5 15. b4 Qd8 16. g3 O-O 17. Rb1 f6 18. Re1 fxe5 19. Nxe5 Nxe5 20. Rxe5 Qf6 21. Nf3 Nd6 22. Rxh5 Ne4 23. Re5 Rf7 24. b5 Raf8 25. Qe2 Qg6 26. Kg2 Qg4 27. Re3 g6 28. a5 a6 29. bxc6 bxc6 30. c5 Kg7 31. Rb3 Kg8 32. Re3 Kg7 33. Qd3 Rb7 34. R5xe4 dxe4 35. Rxe4 Qf5 36. Qe3 Rb3 37. Qxb3 Qxe4 38. Qe3 Qd5 39. g4 Rb8 40. Kg3 Rb3 41. Qe2 Ra3 42. Kf4 Rxa5 43. Qd3 Ra4 44. Qe4 Qxe4+ 45. Kxe4 a5 46. Ne5 Ra2 47. Nxc6 a4 48. Nb4 Rxf2 49. c6 a3 50. c7 Rf8 51. Ke5 1-0


[Site "https://www.chess.com"]

[Event "Titled Tuesday Blitz February 28 Late 2023"]
[White "Tan, Zhongyi"]
[Black "Saveliev, Alexei"]
[WhiteFideId "8603642"]
[BlackFideId "24128546"]
[WhiteElo "2519"]
[BlackElo "2271"]
[Result "0-1"]
[Round "10"]
[TimeControl "180+2"]
[Date "2023.02.28"]
[WhiteClock "0:00:01"]
[BlackClock "0:00:33"]

1. d4 g6 2. e4 Bg7 3. Nc3 d6 4. f4 Nc6 5. Be3 Nf6 6. Be2 O-O 7. d5 Nb8 8. Nf3 c6 9. O-O cxd5 10. exd5 Ng4 11. Bd4 Bxd4+ 12. Qxd4 Qb6 13. Qxb6 axb6 14. Nd4 Nf6 15. h3 Nbd7 16. Bf3 Nc5 17. Rfe1 Re8 18. Ncb5 Kf8 19. Nc7 Ra4 20. Nxe8 Rxd4 21. Nxf6 exf6 22. Rad1 Rxf4 23. Re3 Bf5 24. Rd2 Ra4 25. Ra3 Rb4 26. b3 h5 27. Ra8+ Kg7 28. Rd8 Nd7 29. c4 b5 30. g4 hxg4 31. Bxg4 Bxg4 32. hxg4 Ne5 33. Kf1 bxc4 34. Rd4 b5 35. Rxd6 c3 36. Rd1 Rxg4 37. Rd8 Rh4 38. Ke2 Rh2+ 39. Ke3 Rh3+ 40. Kd4 Rh4+ 41. Kxc3 b4+ 42. Kc2 f5 43. Rd2 Re4 44. d6 Kf6 45. Re8 Nd7 46. Rxe4 fxe4 47. Rf2+ Ke6 48. a3 bxa3 49. b4 f5 50. Kb3 Kxd6 51. Kxa3 Ke5 52. Rg2 e3 53. Rxg6 e2 54. Rg8 Nf6 55. Rg1 f4 56. b5 f3 57. Re1 Ke4 58. b6 Ke3 59. b7 Nd7 60. Rb1 f2 61. Rb3+ Kd2 62. Rb5 Nb8 63. Rd5+ Ke1 64. Rd8 f1=Q 65. Rxb8 Qf3+ 66. Ka2 Qc6 67. Kb1 Qb6+ 68. Kc2 Qc7+ 0-1


[Site "https://www.chess.com"]

[Event "Titled Tuesday Blitz February 28 Late 2023"]
[White "Siddharth, Jagadeesh"]
[Black "Leschinsky, Gary"]
[WhiteFideId "5818320"]
[BlackFideId "30951321"]
[WhiteElo "2303"]
[BlackElo "1855"]
[Result "0-1"]
[Round "10"]
[TimeControl "180+2"]
[Date "2023.02.28"]
[WhiteClock "0:00:38"]
[BlackClock "0:01:02"]

1. d4 Nf6 2. c4 e6 3. Nc3 Bb4 4. e3 O-O 5. Bd3 d5 6. cxd5 exd5 7. a3 Bd6 8. Qc2 c6 9. Nge2 Re8 10. Bd2 a5 11. f3 Qc7 12. g4 h5 13. g5 Nfd7 14. O-O-O b5 15. e4 b4 16. Nb1 c5 17. e5 Bf8 18. Nf4 Bb7 19. e6 Rxe6 20. Nxe6 fxe6 21. Rde1 Nc6 22. dxc5 Nxc5 23. Bg6 Nd4 24. Kd1 Nxc2 25. Bxc2 d4 26. Be4 0-1


[Site "https://www.chess.com"]

[Event "Titled Tuesday Blitz February 28 Late 2023"]
[White "Preotu, Razvan"]
[Black "Jovic, Stanoje"]
[WhiteFideId "2613280"]
[BlackFideId "905020"]
[WhiteElo "2407"]
[BlackElo "2236"]
[Result "1-0"]
[Round "10"]
[TimeControl "180+2"]
[Date "2023.02.28"]
[WhiteClock "0:00:06"]
[BlackClock "0:00:35"]

1. e4 c6 2. Nc3 d5 3. Nf3 dxe4 4. Nxe4 Nf6 5. Qe2 Nxe4 6. Qxe4 Nd7 7. d4 Nf6 8. Qf4 Qa5+ 9. Bd2 Qf5 10. Bd3 Qxf4 11. Bxf4 Be6 12. h3 Bd5 13. Be2 e6 14. a3 Bxf3 15. Bxf3 Kd7 16. O-O-O Bd6 17. Bd2 b5 18. Ba5 Bc7 19. Bxc7 Kxc7 20. c3 a5 21. b3 Rab8 22. Kc2 Rhd8 23. h4 h5 24. Rhe1 g6 25. g3 Nd5 26. c4 bxc4 27. bxc4 Nb6 28. Kd3 c5 29. d5 exd5 30. Re7+ Kd6 31. Rxf7 Nxc4 32. Kc3 Nb6 33. Rf6+ Kc7 34. Rxg6 Na4+ 35. Kc2 Rb2+ 36. Kc1 Rxf2 37. Bxd5 Nc3 38. Rc6+ Kb8 39. Rd3 Nxd5 40. Rxc5 Rf5 41. Rb3+ Nb6 42. Rxf5 Kc7 43. Rc5+ Kd6 44. Rd3+ Kxc5 45. Rxd8 Nc4 46. Rh8 Nxa3 47. Rxh5+ Kb4 48. Rf5 Nc4 49. h5 a4 50. h6 a3 51. Rf4 a2 52. Rxc4+ Kb3 53. Ra4 Kxa4 54. Kb2 1-0


[Site "https://www.chess.com"]

[Event "Titled Tuesday Blitz February 28 Late 2023"]
[White "Norowitz, Yaacov"]
[Black "Zhu, Jiner"]
[WhiteFideId "2024799"]
[BlackFideId "8608059"]
[WhiteElo "2401"]
[BlackElo "2384"]
[Result "0-1"]
[Round "10"]
[TimeControl "180+2"]
[Date "2023.02.28"]
[WhiteClock "0:00:14"]
[BlackClock "0:02:06"]

1. d4 Nf6 2. e3 d5 3. Bd3 e6 4. Nd2 Be7 5. f4 b6 6. c3 Bb7 7. Ngf3 Nbd7 8. Ne5 O-O 9. Qf3 c5 10. O-O Re8 11. g4 Nf8 12. g5 N6d7 13. Qh5 g6 14. Qh6 Nxe5 15. dxe5 Nd7 0-1


[Site "https://www.chess.com"]

[Event "Titled Tuesday Blitz February 28 Late 2023"]
[White "Zhigalko, Sergei"]
[Black "Vlassov, Nikolai"]
[WhiteFideId "13502956"]
[BlackFideId "4103360"]
[WhiteElo "2626"]
[BlackElo "2324"]
[Result "1-0"]
[Round "10"]
[TimeControl "180+2"]
[Date "2023.02.28"]
[WhiteClock "0:00:02"]
[BlackClock "0:00:01"]

1. e4 c5 2. c3 Nf6 3. e5 Nd5 4. Nf3 d6 5. Bc4 Nb6 6. Bb3 c4 7. Bc2 Nc6 8. exd6 Qxd6 9. O-O Bg4 10. Re1 Rd8 11. b3 e6 12. Na3 cxb3 13. axb3 Be7 14. Nc4 Nxc4 15. bxc4 Ne5 16. Rxe5 Bxf3 17. Qe1 Bc6 18. Rxa7 O-O 19. d4 Ra8 20. Rxa8 Rxa8 21. c5 Qc7 22. Bf4 Bf6 23. Bxh7+ Kf8 24. Re4 Qa5 25. Bd6+ Ke8 26. Re3 Qa1 27. Bd3 Qxe1+ 28. Rxe1 Ra3 29. Rc1 Bxd4 30. cxd4 Rxd3 31. f3 Rxd4 32. Be5 Rd2 33. Bxg7 f5 34. Be5 Kf7 35. h4 Kg6 36. Re1 Bd5 37. Bd6 Rc2 38. Be7 Kh5 39. Rd1 Bc6 40. Kh1 Bd5 41. Re1 Kg6 42. Rb1 e5 43. Re1 e4 44. fxe4 Bxe4 45. Rg1 Kh5 46. Kh2 Kg4 47. Bd6 f4 48. h5 f3 49. h6 f2 50. Rf1 Bd3 51. h7 1-0


[Site "https://www.chess.com"]

[Event "Titled Tuesday Blitz February 28 Late 2023"]
[White "Makridis, Dimitrios"]
[Black "Papasimakopoulos, Alexandros"]
[WhiteFideId "25864475"]
[BlackFideId "4244125"]
[WhiteElo "2277"]
[BlackElo "2359"]
[Result "1-0"]
[Round "10"]
[TimeControl "180+2"]
[Date "2023.02.28"]
[WhiteClock "0:00:51"]
[BlackClock "0:00:41"]

1. Nc3 d5 2. e4 d4 3. Nce2 e5 4. Ng3 Be6 5. Nf3 f6 6. b3 c5 7. Bc4 Qd7 8. d3 Nc6 9. a4 Nge7 10. a5 Nc8 11. O-O Nd6 12. Bxe6 Qxe6 13. Nh4 Be7 14. f4 O-O-O 15. Nhf5 g6 16. Nxe7+ Qxe7 17. a6 b6 18. fxe5 fxe5 19. Bd2 Rhf8 20. Qg4+ Qd7 21. Qh4 Nb8 22. Nh1 Rxf1+ 23. Rxf1 Nxa6 24. Nf2 Nb4 25. Bxb4 cxb4 26. Ng4 Nf7 27. h3 h5 28. Nf6 Qe7 29. Qg3 g5 30. Nd5 Qd7 31. Rf6 Kb8 32. Qf3 Nd6 33. Qxh5 Qg7 34. Rg6 Qf7 35. Qxg5 Qe8 36. Rg7 Rc8 37. Ne7 Rc7 38. Nf5 Rxg7 39. Qxg7 Nf7 40. h4 b5 41. h5 a5 42. h6 a4 43. bxa4 bxa4 44. h7 Nh8 45. Nd6 Qc6 46. Qxh8+ Ka7 47. Qg7+ Kb6 48. Nc4+ Kb5 49. Qxe5+ Ka6 50. h8=Q Qh6 51. Qxh6+ Kb7 52. Qeg7+ Ka8 53. Qhh8# 1-0


[Site "https://www.chess.com"]